 Dungeon Crawl Stone Soup version 0.23-a0-172-g8f65603 (webtiles) character file.

373 snuffychallenge the Charmwright (level 6, -2/47 HPs)
             Began as a Merfolk Skald on Sept 15, 2018.
             Killed from afar by Eustachio (11 damage)
             ... with a wand of flame (8)
             ... on level 4 of the Dungeon.
             The game lasted 00:21:13 (5808 turns).

snuffychallenge the Charmwright (Merfolk Skald)     Turns: 5808, Time: 00:21:14

Health: -2/47      AC:  5    Str: 11      XL:     6   Next: 71%
Magic:  6/9        EV: 12    Int: 13      God:
Gold:   164        SH:  0    Dex: 13 (15) Spells: 0/9 levels left

rFire    . . .     SeeInvis .   a - +0 spear
rCold    . . .     Gourm    .   (no shield)
rNeg     . . .     Faith    .   b - +0 leather armour
rPois    .         Spirit   .   q - +1 helmet
rElec    .         Reflect  .   (no cloak)
rCorr    .         Harm     .   (no gloves)
MR       .....                  (no boots)
Stlth    ++........             (no amulet)
HPRegen  0.15/turn              (no ring)
MPRegen  0.11/turn              (no ring)

@: no status effects
A: change form in water, swift swim, stealthy swim
a: no special abilities


You were on level 4 of the Dungeon.
You were not hungry.

You visited 1 branch of the dungeon, and saw 4 of its levels.

You collected 164 gold pieces.

Inventory:

Hand Weapons
 a - a +0 spear (weapon)
 d - a -2 trident
   (You took it off Robin on level 3 of the Dungeon)
Missiles
 l - 7 javelins (quivered)
Armour
 b - a +0 leather armour (worn)
 o - a cursed +0 robe
   (You found it on level 4 of the Dungeon)
 q - a +1 helmet (worn)
   (You took it off Robin on level 3 of the Dungeon)
Scrolls
 c - a scroll of remove curse {@r2}
 j - 4 scrolls of identify {unknown}
 m - a scroll of fear
 p - a scroll of blinking
Potions
 f - a potion of flight {unknown}
 g - a potion of invisibility {unknown}
 h - a potion of degeneration {!q}
 i - a potion of brilliance {unknown}
 k - a potion of agility {unknown}
 n - 3 potions of curing {@q1}
Comestibles
 e - a ration {!d}
 r - a chunk of flesh


   Skills:
 + Level 3.3 Fighting
 - Level 3.0 Polearms
 - Level 0.6 Armour
 - Level 2.6 Dodging
 - Level 3.0 Stealth
 - Level 2.0 Spellcasting
 - Level 6.9 Charms


You couldn't memorise any spells.
You knew the following spells:

 Your Spells              Type           Power        Failure   Level  Hunger
a - Infusion              Chrm           ###.         1%          1    ##.....
e - Regeneration          Chrm/Necr      ##........   24%         3    ####...
q - Shroud of Golubria    Chrm/Tloc      ##........   12%         2    ###....
t - Spectral Weapon       Hex/Chrm       ##......     24%         3    ####...

Your spell library contained the following spells:

 Spells                   Type           Power        Failure   Level  Hunger
 Song of Slaying          Chrm           ###.....     3%          2    ###....


Dungeon Overview and Level Annotations

Branches:
Dungeon (4/15)
 Temple: D:4-7

Altars:

Annotations:
D:1 exclusion: downstairs
D:2 exclusions: 2 downstairs and 2 more exclusions
D:3 2 transporters
D:4 Eustachio


Message History

Eustachio zaps a wand.
The puff of flame hits your spectral weapon.
Your spectral weapon resists.
Your spectral weapon shares its damage with you!
* * * LOW HITPOINT WARNING * * *
The quasit bites you but does no damage.
The quasit barely misses you. The quasit claws you.
* * * LOW HITPOINT WARNING * * *
You catch the helpless Eustachio completely off-guard!
You hit Eustachio.
Your spectral weapon hits Eustachio!
The quasit bites you but does no damage.
The quasit barely misses you. The quasit misses you.
Eustachio casts a spell.
Eustachio blinks!
The quasit barely misses you. The quasit closely misses you. x2
You swap places.
The quasit disappears in a puff of smoke!
Eustachio casts a spell.
The river rat closely misses you.
The quasit bites you but does no damage.
The quasit claws you but does no damage.
The quasit completely misses you. The bat closely misses you.
Eustachio gestures wildly while chanting.
Eustachio blinks!
The quasit bites your spectral weapon.
Your spectral weapon shares its damage with you!
* * * LOW HITPOINT WARNING * * *
The quasit completely misses your spectral weapon.
The quasit claws your spectral weapon.
The river rat closely misses your spectral weapon.
The bat closely misses you.
Your leather armour prevents you from hitting Eustachio.
Your spectral weapon barely misses Eustachio.
The bat barely misses you. The quasit bites your spectral weapon.
The quasit claws your spectral weapon.
The quasit closely misses your spectral weapon.
Eustachio gestures wildly while chanting.
Eustachio blinks!
The river rat closely misses your spectral weapon.
The bat closely misses you.
Eustachio says, "Summoning is fun!"
Eustachio gestures wildly while chanting.
Eustachio blinks!
The bat misses you. The bat hits you.
* * * LOW HITPOINT WARNING * * *
You swap places.
The bat misses your spectral weapon.
Eustachio zaps a wand.
The puff of flame hits you!
You die...

#.# #.#.... ##.## #......
#...# ####.## ##+## #...# #...
##...## #...# #### ##.....##
#####.# ## ##.......##
##.###.# ##.
#.........####...##.########..
+.........'@.@5.r.r...........
#.........####(..##.####......
#.......## ##b##...# #.####.
##.....## ######.###.##.#####
##...## #.?..ยง## #.#.##...
##'## #.##..# .#.##.## #.#
#..# #.##.## #.# #.#r# #......
##.## ....5.. ####.##


You could see Eustachio, a quasit, a river rat, a quokka, a bat and a friendly
spectral spear.

Vanquished Creatures
  2 orc priests
  Terence (D:3)
  An iguana (D:4)
  A worker ant (D:4)
  Robin (D:3)
  5 adders
  5 gnolls
  3 worms
  A dart slug (D:2)
  5 leopard geckos
  14 orcs
  2 giant cockroaches
  13 goblins
  17 hobgoblins
  7 jackals
  A quokka (D:3)
  3 ball pythons
  7 bats
  3 frilled lizards
  8 kobolds
  13 rats
113 creatures vanquished.

Vanquished Creatures (others)
  A spectral weapon (D:4)
1 creature vanquished.

Grand Total: 114 creatures vanquished

Notes
Turn   | Place    | Note
-------+----------+-------------------------------------------
     0 | D:1      | snuffychallenge the Merfolk Skald began the quest for the
                  | Orb.
     0 | D:1      | Reached XP level 1. HP: 16/16 MP: 3/3
    67 | D:1      | Reached skill level 1 in Stealth
   205 | D:1      | You fall through a shaft!
   224 | D:2      | Reached XP level 2. HP: 22/22 MP: 5/5
   775 | D:1      | Reached XP level 3. HP: 26/27 MP: 6/6
   879 | D:1      | Learned a level 2 spell: Shroud of Golubria
   883 | D:1      | Learned a level 3 spell: Spectral Weapon
  1255 | D:2      | Reached skill level 4 in Charms
  1900 | D:2      | Reached XP level 4. HP: 26/33 MP: 7/7
  2818 | D:3      | Found a transporter.
  2833 | D:3      | Found a transporter.
  2854 | D:3      | Reached skill level 5 in Charms
  2873 | D:3      | Noticed Robin
  3188 | D:2      | Reached XP level 5. HP: 38/38 MP: 3/8
  3756 | D:3      | Reached skill level 6 in Charms
  3770 | D:3      | Noticed Terence
  3995 | D:3      | Killed Terence
  4205 | D:3      | Reached XP level 6. HP: 12/44 MP: 5/9
  4322 | D:3      | Learned a level 3 spell: Regeneration
  4593 | D:3      | Killed Robin
  5776 | D:4      | Noticed Eustachio
  5808 | D:4      | Killed from afar by Eustachio

Vault maps used:
D:1:      roderic_dead_forest, serial_bayou_lagoon_b
D:2:      kennysheep_six_static_rooms, first_ration, kennysheep_generic_room_7
D:3:      gammafunk_steamed_eel, uniq_robin, uniq_terence
D:4:      kennysheep_mini, uniq_eustachio

Skill      XL: |  1  2  3  4  5  6 |
---------------+-------------------+-----
Stealth        | 2 3 |  3.0
Charms         | 4 5 6 |  6.9
Fighting       | 3 |  3.3
Polearms       | |  3.0
Armour         | |  0.6
Dodging        | |  2.6
Spellcasting   | |  2.0

Action                   |  1- 3 |  4- 6 || total
-------------------------+-------+-------++-------
Melee: Spear             |   181 |   337 ||   518
Throw: Javelin           |     1 |       ||     1
 Cast: Shroud of Golubri |     8 |    20 ||    28
       Spectral Weapon   |       |    15 ||    15
       Infusion          |       |     1 ||     1
  Use: Potion            |     3 |     1 ||     4
       Scroll            |       |     7 ||     7
 Stab: Sleeping          |     8 |     4 ||    12
       Distracted        |     1 |     5 ||     6
  Eat: Chunk             |     2 |     9 ||    11
       Ration            |     1 |     2 ||     3
Armor: Leather armour    |    18 |    68 ||    86
       Skin              |    12 |     5 ||    17
Dodge: Dodged            |    92 |   189 ||   281

Table legend:
 A = Non-vault XP
 B = Vault XP
 C = Vault XP percentage of total XP
 D = Non-vault monster count
 E = Vault monster count
 F = Vault count percentage of total count
                 A         B        C        D         E       F
            +---------+---------+-------+---------+---------+-------
      Total |     447 |      86 |  16.1 |      91 |      22 |  19.5
            +---------+---------+-------+---------+---------+-------
        D:1 |      45 |       0 |   0.0 |      29 |       0 |   0.0
        D:2 |     143 |      14 |   8.9 |      23 |      10 |  30.3
        D:3 |     132 |      72 |  35.3 |      29 |      12 |  29.3
        D:4 |     127 |       0 |   0.0 |      10 |       0 |   0.0
            +---------+---------+-------+---------+---------+-------
